 Dungeon Crawl Stone Soup version 0.28-a0-1387-g3a22ab9bdc (webtiles) character file.

Game seed: 10880551167799745420

10 rogsnak the Gusty (level 2, -1/19 HPs)
             Began as a Demonspawn Air Elementalist on Jan 3, 2022.
             Frozen to death by an endoplasm (5 damage)
             ... on level 1 of the Dungeon.
             The game lasted 00:00:45 (403 turns).

rogsnak the Gusty (Demonspawn Air Elementalist)      Turns: 403, Time: 00:00:46

Health: -1/19      AC:  2    Str:  8    XL:     2   Next: 10%
Magic:  5/5        EV: 12    Int: 16    God:
Gold:   25         SH:  0    Dex: 13    Spells: 4/5 levels left

rFire   . . .      SeeInvis .   d - +0 spear
rCold   . . .      Faith    .   (no shield)
rNeg    . . .      Spirit   .   a - +0 robe
rPois   .          Reflect  .   (no helmet)
rElec   .          Harm     .   (no cloak)
rCorr   .          Rampage  .   (no gloves)
Will    .....                   (no boots)
Stlth   ++........              (no amulet)
HPRegen 0.06/turn               (no ring)
MPRegen 0.09/turn               (no ring)

@: no status effects
A: weakness stinger 1
a: no special abilities


You were on level 1 of the Dungeon.
You visited 1 branch of the dungeon, and saw 1 of its levels.

You collected 25 gold pieces.

Inventory:

Hand Weapons
 d - a +0 spear (weapon)
Armour
 a - a +0 robe (worn)
Scrolls
 b - a scroll of fog {unknown}
 c - a scroll of teleportation {unknown}
Potions
 e - a potion of invisibility {unknown}


   Skills:
 + Level 1.7 Dodging
 - Level 1.7 Stealth
 + Level 2.2 Spellcasting
 * Level 1.0 Conjurations
 + Level 3.1 Air Magic


You had 4 spell levels left.
You knew the following spells:

 Your Spells              Type           Power      Damage    Failure   Level
a - Shock                 Conj/Air       32%        1d5       9%          1

Your spell library contained the following spells:

 Spells                   Type           Power      Damage    Failure   Level
 Static Discharge         Conj/Air       8%         N/A       13%         2
 Swiftness                Air            11%        N/A       17%         3
 Airstrike                Air            5%         N/A       50%         4


Dungeon Overview and Level Annotations

Branches:
Dungeon (1/15)

Altars:


Innate Abilities, Weirdness & Mutations

You have a small tail.


Message History

Aim: a ball python (asleep, 100% to hit)
The zap hits the ball python.
The ball python is severely wounded.
The ball python hisses angrily.
Casting: Shock (safe; 9% risk of failure)
Confirm with . or Enter, or press ? or * to list all spells.
Aiming: Shock (safe; 9% risk of failure)
Press: ? - help, Shift-Dir - straight line, f/p - ball python
Aim: a ball python (severely wounded, 64% to hit)
The zap hits the ball python.
You kill the ball python!
You see here a ball python corpse.
A goblin comes into view. It is wielding a +0 club.
The goblin shouts!
A goblin is nearby!
An endoplasm comes into view.
A giant cockroach comes into view.
The goblin misses you.
The endoplasm hits you but does no damage.
You hit the goblin.
The goblin is moderately wounded.
The goblin hits you with a +0 club. The endoplasm barely misses you.
Found 17 stones.
The goblin barely misses you. The goblin closely misses you.
The giant cockroach bites you. The goblin closely misses you.
The endoplasm freezes you.
You are frozen.
The giant cockroach barely misses you. The goblin hits you with a +0 club.
The endoplasm hits you.
The giant cockroach completely misses you.
The goblin hits you with a +0 club.
The endoplasm hits you but does no damage.
The giant cockroach closely misses you. The giant cockroach closely misses you.
The goblin misses you. The endoplasm barely misses you.
The giant cockroach bites you. The goblin hits you with a +0 club.
* * * LOW HITPOINT WARNING * * *
The endoplasm freezes you.
You are frozen.
You die...

##.......###.#
#†#
...#.........#
#.#
########)#####
#.# #.# #.#
#.# #.# #.#
#.###
#.#######.#.##
........BgJ..#
......###@#.##
#.## #.#.#
#.... ###.##
.# .# (.


You could see an endoplasm, a giant cockroach and a goblin.

Vanquished Creatures
  A ball python (D:1)
  2 goblins (D:1)
  4 jackals (D:1)
  A frilled lizard (D:1)
8 creatures vanquished.

Notes
Turn   | Place    | Note
-------+----------+-------------------------------------------
     0 | D:1      | rogsnak the Demonspawn Air Elementalist began the quest for
                  | the Orb.
     0 | D:1      | Reached XP level 1. HP: 13/13 MP: 3/3
    95 | D:1      | Reached skill level 3 in Air Magic
   303 | D:1      | Discovered your monstrous ancestry.
   303 | D:1      | Gained mutation: You have a small tail. [demonic ancestry]
   303 | D:1      | Reached XP level 2. HP: 16/19 MP: 0/5
   403 | D:1      | Frozen to death by an endoplasm

Illustrated notes

Levels and vault maps discovered:
D:1:      psy_arrival_radial02, layout_loops_ring,
          ebering_ecumenical_altar_sacrificial, minivault_5

Skill      XL: |  1 |
---------------+----+-----
Air Magic      | 3 |  3.1
Dodging        | |  1.7
Stealth        | |  1.7
Spellcasting   | |  2.2
Conjurations   | |  1.0

Action                   || total
-------------------------++-------
Melee: Spear             ||     6
       Unarmed           ||     1
 Cast: Shock             ||    11
Armor: Robe              ||     3
Dodge: Dodged            ||    12

Table legend: (Time is in decaauts)
 A = Elapsed time spent in this place.
 B = Non-inter-level travel time spent in this place.
 C = Inter-level travel time spent in this place.
 D = Time resting spent in this place.
 E = Time spent auto-exploring this place.
 F = Levels seen in this place.
 G = Mean time per level.
                   A        B        C        D        E       F      G
               +--------+--------+--------+--------+--------+-----+--------+
         Total |    403 |    403 |      0 |     59 |    273 |   1 |  403.0 |
       Dungeon |    403 |    403 |      0 |     59 |    273 |   1 |  403.0 |
               +--------+--------+--------+--------+--------+-----+--------+

Top non-repeatable levels by time:
     D:1: 403 daAuts
